 Dungeon Crawl Stone Soup version 0.28.0-53-g5a82cb258f (webtiles) character file.

Game seed: 10542264092168635719

233 Zeld the Changer (level 5, -5/45 HPs)
             Began as a Draconian Transmuter on June 7, 2022.
             Shot with an arrow by a centaur (8 damage)
             ... on level 5 of the Dungeon.
             The game lasted 00:01:35 (1929 turns).

Zeld the Changer (Draconian Transmuter)             Turns: 1929, Time: 00:01:36

Health: -5/45      AC:  5    Str: 14    XL:     5   Next: 75%
Magic:  9/9        EV: 12    Int: 14    God:
Gold:   63         SH:  5    Dex: 11    Spells: 4/10 levels left

rFire   . . .      SeeInvis .     - Unarmed
rCold   . . .      Faith    .   (no shield)
rNeg    . . .      Spirit   .   (armour unavailable)
rPois   .          Reflect  +   (helmet restricted)
rElec   .          Harm     .   (no cloak)
rCorr   .          Rampage  .   (no gloves)
Will    .....                   (no boots)
Stlth   +.........              d - amulet of reflection
HPRegen 0.15/turn               (no ring)
MPRegen 0.11/turn               (no ring)

@: no status effects
A: AC +5, unfitting armour, cold-blooded
a: no special abilities


You were on level 5 of the Dungeon.
You visited 1 branch of the dungeon, and saw 5 of its levels.

You collected 63 gold pieces.

Inventory:

Jewellery
 d - an amulet of reflection (around neck)
Scrolls
 a - a scroll of amnesia {unknown}
 b - a scroll of torment {unknown}
 c - 4 scrolls of identify {unknown}
 e - a scroll of blinking {unknown}
 f - a scroll of brand weapon {unknown}
 i - a scroll of noise {unknown}
Potions
 g - 2 potions of lignification {unknown}
 h - a potion of brilliance {unknown}


   Skills:
 + Level 3.1 Fighting
 - Level 1.7 Dodging
 - Level 3.0 Unarmed Combat
 + Level 3.2 Spellcasting
 + Level 3.2 Transmutations
 - Level 2.0 Ice Magic
 - Level 2.0 Poison Magic


You had 4 spell levels left.
You knew the following spells:

 Your Spells              Type           Power      Damage    Failure   Level
a - Beastly Appendage     Tmut           22%        N/A       5%          1
b - Wereblood             Tmut           11%        N/A       9%          2
c - Spider Form           Tmut/Pois      9%         N/A       22%         3

Your spell library contained the following spells:

 Spells                   Type           Power      Damage    Failure   Level
 Ice Form                 Ice/Tmut       9%         N/A       56%         4


Dungeon Overview and Level Annotations

Branches:
Dungeon (5/15)
 Temple: D:4-7

Altars:
Makhleb

Annotations:
D:4 Robin


Innate Abilities, Weirdness & Mutations

Your plain brown scales are hard. (AC +5)
You cannot fit into any form of body armour.
You are cold-blooded and may be slowed by cold attacks.


Message History

You open the door.
There is an open door here.
You open the door.
There is an open door here.
A centaur comes into view.
It is wielding the +9 whip "Saps" {pain, Fragile rC++ Will+ rCorr}.
A centaur is nearby!
This spell is extremely dangerous to cast!
Memorise Ice Form, consuming 4 spell levels and leaving 0?
The centaur unwields the +9 whip "Saps" {pain, Fragile rC++ Will+ rCorr}.
The centaur wields a +0 shortbow.
The centaur shoots an arrow.
Your memorisation is interrupted.
The arrow closely misses you.
You open the door. 3 gnolls come into view.
The gnoll shouts! x3; You hear a shout!
A gnoll comes into view. It is wielding a +0 halberd.
There is an open door here.
The gnoll hits you but does no damage. The gnoll barely misses you.
You block the gnoll's attack.
The gnoll hits you from afar with a +0 halberd.
The gnoll hits you with a +0 halberd! The gnoll closely misses you.
The gnoll barely misses you. The gnoll hits you with a +0 halberd!
The gnoll hits you from afar with a +0 halberd.
The gnoll hits you from afar with a +0 halberd.
You block the gnoll's attack.
The gnoll hits you from afar with a +0 halberd!
* * * LOW HITPOINT WARNING * * *
You open the door.
An orc warrior, an orc priest and an orc come into view.
The orc is wielding a +2 dagger of speed.
The gnoll closely misses you.
The orc priest begins to cast a cantrip, but forgets the words!
The gnoll closely misses you.
The orc warrior shouts!
Found 12 gold pieces.
An orc priest and a bullfrog zombie come into view.
The orc priest is wielding a +1 dagger of venom.
The orc priest shouts!
The centaur shoots an arrow.
The arrow hits you!
You die...

#..................
#..................
#..................
#......###...####+#
##########...###..
#....g...'........
#..gcg...#........
#....g...#........
##@########..###..
#.o..o..... ..# ..
#.o........ ..c
#o.$....... ....
#.......... .....
#..........
#..........
#..Z.......


You could see an orc warrior, a centaur, 2 orc priests, 4 gnolls, an orc and a
bullfrog zombie.

Vanquished Creatures
  A gnoll sergeant (D:4)
  2 howler monkeys (D:4)
  A centaur skeleton (D:5)
  2 adders (D:3)
  2 gnolls (D:4)
  A ball python (D:3)
  A giant cockroach (D:3)
  A goblin (D:1)
  4 hobgoblins
  13 jackals
  A bat (D:1)
  2 frilled lizards
  3 rats (D:1)
34 creatures vanquished.

Vanquished Creatures (others)
  2 plants (D:4)
2 creatures vanquished.

Grand Total: 36 creatures vanquished

Notes
Turn   | Place    | Note
-------+----------+-------------------------------------------
     0 | D:1      | Zeld the Draconian Transmuter began the quest for the Orb.
     0 | D:1      | Reached XP level 1. HP: 16/16 MP: 3/3
   181 | D:1      | Reached XP level 2. HP: 12/23 MP: 1/5
   184 | D:1      | Learned a level 2 spell: Wereblood
   516 | D:1      | Reached skill level 1 in Ice Magic
   542 | D:1      | Found a faded altar of an unknown god.
   680 | D:3      | Reached skill level 1 in Poison Magic
   787 | D:3      | Found a burning altar of Makhleb.
   789 | D:3      | Noticed a blizzard demon
   901 | D:3      | Reached XP level 3. HP: 20/28 MP: 4/6
   905 | D:3      | Learned a level 3 spell: Spider Form
  1103 | D:4      | Reached XP level 4. HP: 35/36 MP: 0/7
  1350 | D:4      | Noticed a gnoll sergeant
  1451 | D:4      | Noticed Robin
  1467 | D:4      | Reached XP level 5. HP: 35/42 MP: 4/9
  1820 | D:5      | Entered Level 5 of the Dungeon
  1918 | D:5      | Identified the +9 whip "Saps" {pain, Fragile rC++ Will+
                  | rCorr}
  1918 | D:5      | Noticed a centaur
  1927 | D:5      | HP: 2/45 [gnoll/+0 halberd (13)]
  1928 | D:5      | Noticed an orc warrior
  1929 | D:5      | Shot with an arrow by a centaur

Illustrated notes

Levels and vault maps discovered:
D:1:      amcnicky_arrival_flooded_fountain, layout_basic,
          basic_ecumenical_altar
D:2:      layout_basic
D:3:      layout_loops_ring, makhleb_altar_promises_db,
          minmay_misc_feat_nine_boxes
D:4:      lemuel_castle_with_subvaults [lemuel_castle_interior_carwin_3],
          layout_loops_ring, nzn_overflow_gifts_of_might_and_magic,
          kennysheep_generic_room_13, uniq_pikel, uniq_robin
D:5:      layout_gridville, minmay_temple_entry_tees, grunt_ministairs_14,
          feat_on_display

Skill      XL: |  1  2  3  4  5 |
---------------+----------------+-----
Ice Magic      | 1 2 |  2.0
Poison Magic   | 1 2 |  2.0
Fighting       | 2 3 |  3.1
Spellcasting   | 3 |  3.2
Transmutations | 3 |  3.2
Dodging        | |  1.7
Unarmed Combat | |  3.0

Action                   |  1- 3 |  4- 6 || total
-------------------------+-------+-------++-------
Melee: Unarmed           |    56 |    67 ||   123
       Kick              |     8 |     3 ||    11
       Headbutt          |     3 |     2 ||     5
       Tailslap          |     4 |     2 ||     6
       Punch             |     1 |       ||     1
 Cast: Beastly Appendage |    13 |     4 ||    17
       Spider Form       |     1 |     5 ||     6
Armor: Skin              |    19 |    13 ||    32
Dodge: Dodged            |    36 |    56 ||    92
Block: Other             |     8 |    28 ||    36
